 Dungeon Crawl Stone Soup version 0.21.1-1-g345015f (webtiles) character file.

187 prawnwizard the Digger (level 5, 0/28 HPs)
             Began as a Gargoyle Earth Elementalist on July 5, 2018.
             Slain by Edmund
             ... wielding a +1 flail of protection
              (4 damage)
             ... on level 4 of the Dungeon.
             The game lasted 00:06:09 (2976 turns).

prawnwizard the Digger (GrEE)                       Turns: 2976, Time: 00:06:10

Health: 0/28       AC:  6    Str: 11    XL:     5   Next: 66%
Magic:  1/10       EV: 12    Int: 17    God:
Gold:   223        SH:  0    Dex: 10    Spells: 10/11 levels left

rFire    . . .     SeeInvis .   q - +1 dagger (holy)
rCold    . . .     Gourm    .   (no shield)
rNeg     + . .     Faith    .   c - +0 robe
rPois    ∞         Spirit   .   (no helmet)
rElec    +         Reflect  .   (no cloak)
rCorr    .         Harm     .   (no gloves)
MR       .....                  (no boots)
Stlth    ++........             (no amulet)
HPRegen  0.09/turn              u - ring of wizardry
MPRegen  0.12/turn              (no ring)

@: no status effects
A: negative energy resistance 1, electricity resistance, unbreathing,
petrification resistance, rot immunity, AC +4
a: no special abilities


You were on level 4 of the Dungeon.
You were not hungry.

You visited 1 branch of the dungeon, and saw 4 of its levels.

You collected 223 gold pieces.

Inventory:

Hand Weapons
 q - a +1 dagger of holy wrath (weapon)
Missiles
 b - 121 stones (quivered)
Armour
 c - a +0 robe (worn)
Jewellery
 u - a ring of wizardry (left hand)
Scrolls
 f - 3 scrolls of teleportation {unknown}
 g - 4 scrolls of amnesia {unknown}
 i - a scroll of remove curse {unknown}
 j - 4 scrolls of identify {unknown}
 m - 2 scrolls of noise {unknown}
 p - a scroll of enchant armour {unknown}
 s - a scroll of blinking {unknown}
Potions
 a - a potion of lignification {unknown}
 h - 2 potions of agility {unknown}
 k - 5 potions of curing {unknown}
 l - a potion of brilliance {unknown}
 n - a potion of degeneration {unknown}
 o - a potion of might {unknown}
 r - 2 potions of heal wounds {unknown}
 t - a potion of berserk rage {unknown}
 v - a potion of haste {unknown}
Books
 e - a book of Geomancy

   Spells                             Type                      Level
   a - Sandblast                      Earth                        1
   b - Passwall                       Transmutation/Earth          2
   c - Stone Arrow                    Conjuration/Earth            3
   d - Petrify                        Transmutation/Earth          4
   e - Lee's Rapid Deconstruction     Earth                        5
Comestibles
 d - 7 rations
 w - a chunk of flesh


   Skills:
 - Level 1.6 Dodging
 - Level 2.3 Stealth
 * Level 3.9 Spellcasting
   Level 0.7 Transmutations
 * Level 5.7 Earth Magic


You had 10 spell levels left.
You knew the following spells:

 Your Spells              Type           Power        Failure   Level  Hunger
a - Sandblast             Erth           ###...       1%          1    None


Dungeon Overview and Level Annotations

Branches:
Dungeon (4/15)
 Temple: D:4-7

Altars:
Nemelex Xobeh
Okawaru

Annotations:
D:3 1 transporter
D:4 Edmund


Innate Abilities, Weirdness & Mutations

You are resistant to torment.
Your stone body is resilient. (AC +4)
You are immune to poison.
You resist negative energy. (rN+)
You are resistant to electric shocks. (rElec)
You can survive without breathing.
You are immune to petrification.
You are immune to rotting.


Message History

The giant cockroach closely misses you. Edmund barely misses you.
The giant cockroach bites you but does no damage.
You hit the giant cockroach but do no damage.
Edmund hits you with a flail of protection.
* * * LOW HITPOINT WARNING * * *
The giant cockroach closely misses you.
You hit the giant cockroach but do no damage.
The giant cockroach misses you. Edmund closely misses you.
You hit the giant cockroach.
The giant cockroach is heavily wounded.
The giant cockroach bites you but does no damage.
Edmund closely misses you.
You hit the giant cockroach.
The giant cockroach is severely wounded.
The giant cockroach bites you but does no damage.
You hit the giant cockroach.
The giant cockroach is almost dead.
The giant cockroach barely misses you.
Edmund hits you with a flail of protection.
You die...

. #. ### #.##. #..
..... #.# ##..###
#.#
#.>...####.####.###
##.###.<....@@s....#
...#
#..###>####.....
....##..# #.# .##
........# #.#
#+#.....# #.#
+.....# #.#
#+#.....###.####
.........>......
.........###.......


You could see Edmund and a giant cockroach.

Vanquished Creatures
  2 orc wizards (D:3)
  An iguana (D:4)
  6 adders
  2 dart slugs
  3 leopard geckos
  3 orcs (D:3)
  2 giant cockroaches
  3 goblins
  5 hobgoblins
  2 jackals (D:2)
  2 quokkas
  A ball python (D:1)
  3 bats
  3 kobolds
  6 rats
44 creatures vanquished.

Notes
Turn   | Place    | Note
-------+----------+-------------------------------------------
     0 | D:1      | prawnwizard the Gargoyle Earth Elementalist began the quest for the Orb.
     0 | D:1      | Reached XP level 1. HP: 10/10 MP: 3/3
     1 | D:1      | Noticed an electric eel
   472 | D:1      | Reached XP level 2. HP: 7/15 MP: 5/5
  1117 | D:2      | Reached skill level 4 in Earth Magic
  1241 | D:2      | Reached XP level 3. HP: 16/19 MP: 6/6
  1406 | D:2      | Found an iron altar of Okawaru.
  2059 | D:2      | Reached XP level 4. HP: 24/24 MP: 8/8
  2502 | D:3      | Reached skill level 5 in Earth Magic
  2503 | D:3      | Reached XP level 5. HP: 20/28 MP: 0/10
  2861 | D:3      | Found a sparkling altar of Nemelex Xobeh.
  2861 | D:3      | Found a transporter.
  2861 | D:3      | Noticed a wyvern
  2925 | D:4      | Noticed Edmund
  2976 | D:4      | Slain by Edmund

Skill      XL: |  1  2  3  4 |
---------------+-------------+-----
Earth Magic    | 4 5 |  5.7
Spellcasting   | 3 |  3.9
Dodging        | |  1.6
Stealth        | |  2.3
Transmutations | |  0.7

Action                   |  1- 3 |  4- 6 || total
-------------------------+-------+-------++-------
Melee: Unarmed           |    25 |       ||    25
       Club              |    12 |       ||    12
       Dagger            |   108 |    73 ||   181
 Cast: Sandblast         |     7 |    27 ||    34
 Stab: Sleeping          |     5 |     3 ||     8
  Eat: Chunk             |     3 |     4 ||     7
Armor: Robe              |    69 |    25 ||    94
Dodge: Dodged            |   111 |    64 ||   175
